 Dungeon Crawl Stone Soup version 0.24-a0-361-g57161393b2 (webtiles) character file.

Game seed: 15831584797214748596

39 Amnesiac the Digger (level 3, 0/14 HPs)
             Began as a Felid Earth Elementalist on May 26, 2019.
             Was a Follower of Vehumet.
             Slain by a leopard gecko (1 damage)
             ... on level 1 of the Dungeon.
             The game lasted 00:04:47 (2356 turns).

Amnesiac the Digger (Felid Earth Elementalist)      Turns: 2356, Time: 00:04:48

Health: 0/14       AC:  1    Str:  4    XL:     3   Next: 26%
Magic:  7/8        EV: 18    Int: 17    God:    Vehumet [*.....]
Gold:   126        SH:  0    Dex: 16    Spells: 5/8 levels left
                                        Lives:  0   Deaths: 1

rFire    . . .     SeeInvis +     - Unarmed
rCold    . . .     Gourm    .   (shield unavailable)
rNeg     . . .     Faith    .   (armour unavailable)
rPois    .         Spirit   .   (helmet unavailable)
rElec    .         Reflect  .   (cloak unavailable)
rCorr    .         Harm     .   (gloves unavailable)
MR       .....                  (boots unavailable)
Stlth    +++.......             (no amulet)
HPRegen  0.04/turn              (no ring)
MPRegen  0.11/turn              (no ring)

@: quick
A: very small, no armour, no weapons or thrown items, stealth, claws 1, fangs 3,
see invisible, carnivore, speed 1, shaggy fur 1, slow metabolism 1, sharp paws
a: Renounce Religion


You were on level 1 of the Dungeon.
You worshipped Vehumet.
Vehumet was aware of your devotion.
You were not hungry.

You visited 2 branches of the dungeon, and saw 5 of its levels.

You collected 126 gold pieces.

Inventory:

Missiles
 b - 99 stones
Scrolls
 a - a scroll of identify {!r, unknown}
 e - 2 scrolls of remove curse {!r, unknown}
 f - 2 scrolls of teleportation {!r, unknown}
Potions
 d - a potion of haste {!q, unknown}
 h - a potion of heal wounds {!q, unknown}
 i - a potion of brilliance {!q, unknown}
 j - a potion of resistance {!q}
Comestibles
 c - 3 rations
 g - 11 chunks of flesh


   Skills:
 - Level 2.6 Dodging
 - Level 3.0 Stealth
 + Level 1.3 Unarmed Combat
 + Level 3.3 Spellcasting
 - Level 1.1 Transmutations
 + Level 3.3 Earth Magic


You had 5 spell levels left.
You knew the following spells:

 Your Spells              Type           Power        Failure   Level  Hunger
a - Sandblast             Erth           ##....       4%          1    None
b - Passwall              Tmut/Erth      ##......     11%         2    ##.....

Your spell library contained the following spells:

 Spells                   Type           Power        Failure   Level  Hunger
 Flame Tongue             Conj/Fire      #....        17%         1    None
 Stone Arrow              Conj/Erth      #.....       26%         3    ###....
 Petrify                  Tmut/Erth      ##......     56%         4    ####...
 Lee's Rapid Deconstruct  Erth           ##........   77%         5    ######.


Dungeon Overview and Level Annotations

Branches:
Dungeon (4/15)             Temple (1/1) D:4

Altars:
Ashenzari
Cheibriados
Dithmenos
Fedhas
Gozag
Hepliaklqana
Kikubaaqudgha
Makhleb
Nemelex Xobeh
Okawaru
Qazlal
Ru
Sif Muna
Trog
Uskayaw
Vehumet
Xom
Yredelemnul
Zin
The Shining One


Innate Abilities, Weirdness & Mutations

You cannot wear armour.
You are incapable of wielding weapons or throwing items.
Your paws allow you to move quietly. (Stealth)
You have sharp claws.
You have razor-sharp teeth.
You have supernaturally acute eyesight. (SInv)
You are carnivorous and can eat meat at any time.
You cover ground quickly.
You are covered in fur. (AC +1)
You have a slow metabolism.
Your sharp claws are effective at attacking unaware monsters.


Message History

Vehumet accepts your kill. The rat closely misses you.
You scratch the hobgoblin. You bite the hobgoblin.
You kill the hobgoblin!
Vehumet accepts your kill. The rat barely misses you.
You scratch the rat but do no damage. The rat completely misses you.
You scratch the rat.
The rat is moderately wounded.
The rat bites you.
You closely miss the rat.
The rat is moderately wounded.
The rat bites you.
You closely miss the rat.
The rat is moderately wounded.
The bat hits you but does no damage. The rat barely misses you.
You scratch the rat but do no damage.
The rat is moderately wounded.
The bat misses you. The bat barely misses you.
The rat bites you but does no damage.
You scratch the rat but do no damage. You bite the rat, but do no damage.
The rat is moderately wounded.
The bat hits you but does no damage. The bat completely misses you.
The rat bites you but does no damage.
You scratch the rat.
You kill the rat!
Vehumet accepts your kill. The bat barely misses you. The bat hits you.
You closely miss the bat. The bat completely misses you.
You scratch the rat.
You kill the rat!
Vehumet accepts your kill. The bat misses you.
You scratch the bat.
You kill the bat!
Vehumet accepts your kill.
The leopard gecko hisses angrily.
The goblin shouts!
You scratch the goblin but do no damage.
The goblin barely misses you.
You scratch the goblin but do no damage.
The goblin hits you with a +0 club.
* * * LOW HITPOINT WARNING * * *
You barely miss the goblin. The goblin misses you.
You scratch the goblin. You claw the goblin.
You kill the goblin!
Vehumet accepts your kill. The leopard gecko closely misses you.
You scratch the leopard gecko.
The leopard gecko is heavily wounded.
The leopard gecko bites you.
* * * LOW HITPOINT WARNING * * *
You are too injured to fight recklessly!
You are too injured to fight recklessly!
You are too injured to fight recklessly!
Casting: Sandblast (safe; 4% risk of failure)
Confirm with . or Enter, or press ? or * to list all spells.
Aiming: Sandblast (safe; 4% risk of failure)
Press: ? - help, Shift-Dir - straight line, f - leopard gecko
Aim: a leopard gecko (moderately wounded)
The blast of sand misses the leopard gecko.
b - 99 stones The leopard gecko completely misses you.
The leopard gecko bites you.
You die...

###...........### . #......
....#.........#.###. #####......
.#............#..... ...#........
.##...)..##..#...# #..........
.........###†....## # #.#..#....?
.######......)....#.#......#.....
..........##......#....###.#.....
..######..##..........##........#
#.b##...l@.)...##....)..##
#..##.........###.##..###
............####.....g#
.............# #....##.#
.............###...###g#
............##....###†#
...................##.#
....................#.#
......................####


You could see a leopard gecko.

Vanquished Creatures
  A gnoll (D:1)
  An adder (D:2)
  An ooze (D:2)
  A worm (D:2)
  2 dart slugs
  2 leopard geckos
  2 ball pythons
  2 giant cockroaches
  5 goblins
  5 hobgoblins
  5 jackals
  5 kobolds
  3 quokkas (D:2)
  2 bats
  2 frilled lizards
  8 rats
47 creatures vanquished.

Notes
Turn   | Place    | Note
-------+----------+-------------------------------------------
     0 | D:1      | Amnesiac the Felid Earth Elementalist began the quest for
                  | the Orb.
     0 | D:1      | Reached XP level 1. HP: 7/7 MP: 4/4
   588 | D:4      | Found a staircase to the Ecumenical Temple.
   616 | D:4      | Reached XP level 2. HP: 8/11 MP: 6/6
   625 | D:4      | Learned a level 2 spell: Passwall
   626 | Temple   | Entered the Ecumenical Temple
   756 | Temple   | Became a worshipper of Vehumet
  1689 | D:2      | Reached XP level 3. HP: 11/14 MP: 8/8
  2234 | D:2      | Reached * piety under Vehumet
  2234 | D:2      | Offered knowledge of Flame Tongue by Vehumet.
  2237 | D:2      | Reached skill level 1 in Unarmed Combat
  2324 | D:1      | Reached XP level 4. HP: 2/18 MP: 2/9
  2324 | D:1      | Slain by a rat
  2325 | D:1      | Reached XP level 3. HP: 0/14 MP: 2/8
  2356 | D:1      | Slain by a leopard gecko

Levels and vault maps discovered:
D:1:      dpeg_arrival_chase, layout_rooms, minmay_tromino_v7
D:2:      layout_basic, first_ration
D:3:      layout_basic, uniq_sigmund, uniq_ijyb, uniq_natasha
D:4:      layout_basic, minmay_temple_entry_hall, uniq_blork_the_orc
Temple:   regret_index_temple_chain_breaker

Skill      XL: |  1  2  3 |
---------------+----------+-----
Stealth        | 3 |  3.0
Earth Magic    | 3 |  3.3
Spellcasting   | 3 |  3.3
Unarmed Combat | 1 |  1.3
Dodging        | |  2.6
Transmutations | |  1.1

Action                   |  1- 3 |  4- 6 || total
-------------------------+-------+-------++-------
Melee: Unarmed           |   102 |       ||   102
       Bite              |     7 |       ||     7
       Punch             |     1 |       ||     1
 Cast: Sandblast         |    35 |     1 ||    36
 Stab: Sleeping          |     8 |       ||     8
  Eat: Chunk             |    10 |       ||    10
Armor: Skin              |    10 |       ||    10
Dodge: Dodged            |    97 |       ||    97

Table legend:
 A = Non-vault XP
 B = Vault XP
 C = Vault XP percentage of total XP
 D = Non-vault monster count
 E = Vault monster count
 F = Vault count percentage of total count
                 A         B        C        D         E       F
            +---------+---------+-------+---------+---------+-------
      Total |     118 |       0 |   0.0 |      47 |       0 |   0.0
            +---------+---------+-------+---------+---------+-------
        D:1 |      47 |       0 |   0.0 |      19 |       0 |   0.0
        D:2 |      63 |       0 |   0.0 |      23 |       0 |   0.0
        D:3 |       7 |       0 |   0.0 |       4 |       0 |   0.0
        D:4 |       1 |       0 |   0.0 |       1 |       0 |   0.0
            +---------+---------+-------+---------+---------+-------
